MLB
CALIFORNIA ANGELS @ BOSTON RED SOX
08/12/2047
 
TOP OF THE 1ST
California Angels batting - Pitching for Boston Red Sox : RHP Justin Whitesack
Pitching: RHP Justin Whitesack
Batting: RHB Bjoern Waltersson 0-0: Called Strike
0-1: Ball
1-1: Foul Ball, location: 2F
1-2: Strikes out looking
Batting: RHB Luis Romero 0-0: Ball
1-0: Ball
2-0: Called Strike
2-1: Swinging Strike
2-2: Strikes out looking
Batting: RHB Alain Delhaye 0-0: Foul Ball, location: 2F
0-1: Foul Ball, location: 2F
0-2: Ball
1-2: Ball
2-2: Ball
3-2: Fly out, F8 (Flyball, 8LD, EV 105.6 MPH)
Top of the 1st over - 0 runs, 0 hits, 0 errors, 0 left on base; California 0 - Boston 0
BOTTOM OF THE 1ST
Boston Red Sox batting - Pitching for California Angels : LHP Jeff Baker
Pitching: LHP Jeff Baker
Batting: RHB Alois Wollf 0-0: Called Strike
0-1: Foul Ball, location: 2F
0-2: Ball
1-2: Ball
2-2: Ball
3-2: Base on Balls
Batting: LHB Kevin McCormic Jr. 0-0: SINGLE (Groundball, 6MD, EV 99.4 MPH)
Alois Wollf to second
Runner from 2nd tries for 3rd, SAFE, throw by CF made to third
Batting: RHB Cesar Breceda 0-0: Swinging Strike
0-1: Swinging Strike
0-2: 3-RUN HOME RUN (Flyball, 89XD, EV 105.6 MPH), Distance : 432 ft
Batting: SHB Marvin Lawrence 0-0: Called Strike
0-1: Ball
1-1: Ball
2-1: Ground out 6-3 (Groundball, 6, EV 83.8 MPH)
Batting: RHB Dan Friess 0-0: Fly out, F7 (Flyball, 7, EV 86.2 MPH)
Batting: SHB Willie Koviak 0-0: Swinging Strike
0-1: Swinging Strike
0-2: Strikes out swinging
Bottom of the 1st over - 3 runs, 2 hits, 0 errors, 0 left on base; California 0 - Boston 3
TOP OF THE 2ND
California Angels batting - Pitching for Boston Red Sox : RHP Justin Whitesack
Batting: RHB Preston Deakyne 0-0: Ball
1-0: SINGLE (Groundball, 4MD, EV 94.4 MPH)
Batting: RHB Nick Dunn 0-0: Ball
1-0: Called Strike
Preston Deakyne steals 2nd base
1-1: DOUBLE (Line Drive, 9LM, EV 88.8 MPH)
Preston Deakyne scores
Batting: LHB Micah Miller 0-0: Foul Ball, location: 2F
0-1: Ball
1-1: Foul Ball, location: 2F
1-2: Foul Ball, location: 2F
1-2: Strikes out swinging
Batting: LHB Javier Trujillo 0-0: Called Strike
0-1: Foul Ball, location: 2F
0-2: Foul Ball, location: 2F
0-2: Foul Ball, location: 2F
0-2: Ball
1-2: Ball
2-2: Ball
3-2: Fly out, F7 (Flyball, 7S, EV 86.2 MPH)
Batting: RHB Mike Harkins 0-0: Fly out, F7 (Flyball, 7, EV 86.2 MPH)
Top of the 2nd over - 1 run, 2 hits, 0 errors, 1 left on base; California 1 - Boston 3
BOTTOM OF THE 2ND
Boston Red Sox batting - Pitching for California Angels : LHP Jeff Baker
Batting: RHB Roberto Morales 0-0: Called Strike
0-1: Ground out 5-3 (Groundball, 25, EV 93.8 MPH)
Batting: LHB Bob Branham 0-0: Ball
1-0: Swinging Strike
1-1: Ball
2-1: Foul Ball, location: 2F
2-2: Ball
3-2: Foul Ball, location: 2F
3-2: Fly out, F8 (Flyball, 78M, EV 91.2 MPH)
Batting: LHB Shoichi Aso 0-0: Called Strike
0-1: Swinging Strike
0-2: Fly out, F9 (Flyball, 89M, EV 84.4 MPH)
Bottom of the 2nd over - 0 runs, 0 hits, 0 errors, 0 left on base; California 1 - Boston 3
TOP OF THE 3RD
California Angels batting - Pitching for Boston Red Sox : RHP Justin Whitesack
Batting: SHB Johnny Stables 0-0: Swinging Strike
0-1: Foul Ball, location: 2F
0-2: Strikes out looking
Batting: RHB Bjoern Waltersson 0-0: Foul Ball, location: 2F
0-1: Ball
1-1: Ball
2-1: Called Strike
2-2: Ground out 4-3 (Groundball, 4, EV 80.0 MPH)
Batting: RHB Luis Romero 0-0: Ball
1-0: Ball
2-0: Called Strike
2-1: Ball
3-1: Base on Balls
Batting: RHB Alain Delhaye 0-0: Ball
1-0: Ball
2-0: Called Strike
2-1: Ball
3-1: Swinging Strike
3-2: Fly out, F7 (Flyball, 7D, EV 101.9 MPH)
Top of the 3rd over - 0 runs, 0 hits, 0 errors, 1 left on base; California 1 - Boston 3
BOTTOM OF THE 3RD
Boston Red Sox batting - Pitching for California Angels : LHP Jeff Baker
Batting: RHB Alois Wollf 0-0: Called Strike
0-1: Ball
1-1: Swinging Strike
1-2: DOUBLE (Line Drive, 78XD, EV 103.1 MPH)
Batting: LHB Kevin McCormic Jr. 0-0: Ball
1-0: Ball
2-0: Called Strike
2-1: Ground out U3 (Groundball, 3, EV 90.6 MPH)
Alois Wollf to third
Batting: RHB Cesar Breceda 0-0: Ball
1-0: Called Strike
1-1: Foul Ball, location: 2F
1-2: Foul Ball, location: 2F
1-2: Strikes out swinging
Batting: SHB Marvin Lawrence 0-0: Swinging Strike
0-1: Swinging Strike
0-2: Ball
1-2: Strikes out swinging, 2-3 out at first.
Bottom of the 3rd over - 0 runs, 1 hit, 0 errors, 1 left on base; California 1 - Boston 3
TOP OF THE 4TH
California Angels batting - Pitching for Boston Red Sox : RHP Justin Whitesack
Batting: RHB Preston Deakyne 0-0: Called Strike
0-1: Swinging Strike
0-2: Strikes out looking
Batting: RHB Nick Dunn 0-0: Foul Ball, location: 2F
0-1: Ball
1-1: Ball
2-1: Foul Ball, location: 2F
2-2: Foul Ball, location: 2F
2-2: Ball
3-2: Fly out, F7 (Flyball, 7D, EV 79.4 MPH)
Batting: LHB Micah Miller 0-0: Called Strike
0-1: Ball
1-1: Ball
2-1: Ball
3-1: Swinging Strike
3-2: Strikes out looking
Top of the 4th over - 0 runs, 0 hits, 0 errors, 0 left on base; California 1 - Boston 3
BOTTOM OF THE 4TH
Boston Red Sox batting - Pitching for California Angels : LHP Jeff Baker
Batting: RHB Dan Friess 0-0: Swinging Strike
0-1: Called Strike
0-2: Ball
1-2: Ball
2-2: Strikes out looking
Batting: SHB Willie Koviak 0-0: Ball
1-0: Foul Ball, location: 2F
1-1: Ball
2-1: Ball
3-1: Called Strike
3-2: Fly out, F8 (Flyball, 8LD, EV 88.8 MPH)
Batting: RHB Roberto Morales 0-0: Foul Ball, location: 2F
0-1: Foul Ball, location: 2F
0-2: Ball
1-2: Strikes out swinging
Bottom of the 4th over - 0 runs, 0 hits, 0 errors, 0 left on base; California 1 - Boston 3
TOP OF THE 5TH
California Angels batting - Pitching for Boston Red Sox : RHP Justin Whitesack
Batting: LHB Javier Trujillo 0-0: Hit by Pitch
Batting: RHB Mike Harkins 0-0: Called Strike
Javier Trujillo steals 2nd base (no throw)
0-1: Swinging Strike
0-2: Ball
1-2: Ball
2-2: Foul Ball, location: 2F
2-2: Strikes out swinging
Batting: SHB Johnny Stables 0-0: Called Strike
0-1: SINGLE (Flyball, 8LS, EV 88.8 MPH)
Javier Trujillo to third
Batting: RHB Bjoern Waltersson 0-0: Called Strike
0-1: Ball
1-1: Ball
2-1: Foul Ball, location: 2F
2-2: Strikes out swinging
Batting: RHB Luis Romero 0-0: Ball
1-0: Called Strike
1-1: Ball
2-1: SINGLE (Line Drive, 9LS, EV 107.5 MPH)
Javier Trujillo scores
Johnny Stables to second
Runner from 2nd tries for 3rd, SAFE, no throw by RF
Batting: RHB Alain Delhaye 0-0: Called Strike
0-1: Ball
1-1: Ball
2-1: Ball
3-1: Fielders Choice at 2nd, 6-4 (Groundball, 56, EV 87.5 MPH)
Top of the 5th over - 1 run, 2 hits, 0 errors, 2 left on base; California 2 - Boston 3
BOTTOM OF THE 5TH
Boston Red Sox batting - Pitching for California Angels : LHP Jeff Baker
Batting: LHB Bob Branham 0-0: Called Strike
0-1: Ball
1-1: Ground out 6-3 (Groundball, 4M, EV 103.8 MPH)
Batting: LHB Shoichi Aso 0-0: Ground out 6-3 (Groundball, 4MS, EV 83.1 MPH)
Batting: RHB Alois Wollf 0-0: Ball
1-0: Ball
2-0: SINGLE (Line Drive, 8LS, EV 87.5 MPH)
Batting: LHB Kevin McCormic Jr. 0-0: Ball
1-0: Ball
Alois Wollf steals 2nd base
2-0: Ground out 5-3 (Groundball, 5, EV 103.8 MPH)
Bottom of the 5th over - 0 runs, 1 hit, 0 errors, 1 left on base; California 2 - Boston 3
TOP OF THE 6TH
California Angels batting - Pitching for Boston Red Sox : RHP Justin Whitesack
Batting: RHB Preston Deakyne 0-0: Foul Ball, location: 2F
0-1: Swinging Strike
0-2: Ball
1-2: Ball
2-2: Foul Ball, location: 2F
2-2: Foul Ball, location: 2F
2-2: Ball
3-2: Base on Balls
Pitching: RHP Billy Fitzgerald
Batting: RHB Nick Dunn 0-0: Called Strike
0-1: Ball
1-1: Foul Ball, location: 2F
1-2: Foul Ball, location: 2F
1-2: Ball
2-2: Ball
3-2: Base on Balls
Preston Deakyne to second
Batting: LHB Micah Miller 0-0: Ball
1-0: Foul Ball, location: 2F
1-1: Swinging Strike
1-2: Strikes out swinging
Batting: LHB Javier Trujillo 0-0: Called Strike
0-1: Ball
1-1: Foul Ball, location: 2F
1-2: Foul Ball, location: 2F
1-2: Foul Ball, location: 2F
1-2: Strikes out swinging
Batting: RHB Mike Harkins 0-0: Ball
1-0: Foul Ball, location: 2F
1-1: Foul Ball, location: 2F
1-2: Ball
2-2: Foul Ball, location: 2F
2-2: Strikes out looking
Top of the 6th over - 0 runs, 0 hits, 0 errors, 2 left on base; California 2 - Boston 3
BOTTOM OF THE 6TH
Boston Red Sox batting - Pitching for California Angels : LHP Jeff Baker
Batting: RHB Cesar Breceda 0-0: Foul Ball, location: 2F
0-1: Ball
1-1: Foul Ball, location: 2F
1-2: Fly out, F7 (Flyball, 78M, EV 75.6 MPH)
Batting: SHB Marvin Lawrence 0-0: Ball
1-0: Called Strike
1-1: Ball
2-1: Ball
3-1: Swinging Strike
3-2: Foul Ball, location: 2F
3-2: Foul Ball, location: 2F
3-2: Foul Ball, location: 2F
3-2: Base on Balls
Batting: RHB Dan Friess 0-0: Foul Ball, location: 2F
0-1: Foul Ball, location: 2F
0-2: Ball
1-2: DOUBLE (Line Drive, 5D, EV 98.8 MPH)
Marvin Lawrence to third
Batting: SHB Willie Koviak 0-0: Ground out 4-3 (Groundball, 4, EV 104.4 MPH)
Marvin Lawrence scores
Dan Friess to third
Batting: RHB Roberto Morales 0-0: Ball
1-0: Called Strike
1-1: Called Strike
1-2: Ball
2-2: Strikes out swinging
Bottom of the 6th over - 1 run, 1 hit, 0 errors, 1 left on base; California 2 - Boston 4
TOP OF THE 7TH
California Angels batting - Pitching for Boston Red Sox : RHP Billy Fitzgerald
Pitching: LHP Danny Schneible
Batting: SHB Johnny Stables 0-0: Fly out, F8 (Flyball, 8RXD, EV 111.9 MPH)
Batting: RHB Bjoern Waltersson 0-0: Called Strike
0-1: Ball
1-1: Called Strike
1-2: Fly out, F4 (Line Drive, 4M, EV 66.2 MPH)
Batting: RHB Luis Romero 0-0: Swinging Strike
0-1: Called Strike
0-2: Strikes out swinging
Top of the 7th over - 0 runs, 0 hits, 0 errors, 0 left on base; California 2 - Boston 4
BOTTOM OF THE 7TH
Boston Red Sox batting - Pitching for California Angels : LHP Jeff Baker
Pitching: RHP Erick Vazquez
Batting: LHB Bob Branham 0-0: Ball
1-0: Swinging Strike
1-1: Swinging Strike
1-2: Strikes out swinging
Batting: LHB Shoichi Aso 0-0: Ball
1-0: Foul Ball, location: 2F
1-1: Ball
2-1: SINGLE (Groundball, 4M, EV 106.2 MPH) (infield hit)
Batting: RHB Alois Wollf 0-0: Swinging Strike
0-1: Foul Ball, location: 2F
0-2: Strikes out swinging
Batting: LHB Kevin McCormic Jr. 0-0: Ball
1-0: Ball
2-0: Foul Ball, location: 2F
2-1: Fielders Choice at 2nd, 6-4 (Groundball, 6, EV 87.5 MPH)
Bottom of the 7th over - 0 runs, 1 hit, 0 errors, 1 left on base; California 2 - Boston 4
TOP OF THE 8TH
California Angels batting - Pitching for Boston Red Sox : LHP Danny Schneible
Pitching: RHP Jaime Dunning
Batting: RHB Alain Delhaye 0-0: Called Strike
0-1: Fly out, F9 (Flyball, 9LSF, EV 72.5 MPH)
Batting: RHB Preston Deakyne 0-0: Called Strike
0-1: Swinging Strike
0-2: Strikes out looking
Batting: RHB Nick Dunn 0-0: Swinging Strike
0-1: Foul Ball, location: 2F
0-2: Ball
1-2: Ball
2-2: Strikes out swinging
Top of the 8th over - 0 runs, 0 hits, 0 errors, 0 left on base; California 2 - Boston 4
BOTTOM OF THE 8TH
Boston Red Sox batting - Pitching for California Angels : RHP Erick Vazquez
Batting: RHB Cesar Breceda 0-0: Ball
1-0: Swinging Strike
1-1: SINGLE (Line Drive, 7S, EV 98.8 MPH)
Batting: SHB Marvin Lawrence 0-0: Ball
Cesar Breceda steals 2nd base (no throw)
1-0: Intentional Walk
Batting: RHB Dan Friess 0-0: Grounds into double play, 6-4-3 (Groundball, 56, EV 95.6 MPH)
Cesar Breceda to third
Batting: SHB Willie Koviak 0-0: Ball
1-0: Swinging Strike
1-1: Foul Ball, location: 2F
1-2: Foul Ball, location: 2F
1-2: Ball
2-2: Strikes out looking
Bottom of the 8th over - 0 runs, 1 hit, 0 errors, 1 left on base; California 2 - Boston 4
TOP OF THE 9TH
California Angels batting - Pitching for Boston Red Sox : RHP Jaime Dunning
Pitching: RHP Guadalupe Vasguez
Now in LF: Kevin McCormic Jr.
Now in RF: David Price Jr.
Batting: LHB Micah Miller 0-0: Ball
1-0: Swinging Strike
1-1: Ball
2-1: Ground out U3 (Groundball, 3, EV 106.9 MPH)
Batting: LHB Javier Trujillo 0-0: Ball
1-0: Ball
2-0: Called Strike
2-1: Called Strike
2-2: Strikes out looking
Batting: RHB Mike Harkins 0-0: TRIPLE (Flyball, 78XD, EV 104.4 MPH)
Batting: SHB Johnny Stables 0-0: Called Strike
0-1: Fly out, F7 (Flyball, 78M, EV 84.4 MPH)
Top of the 9th over - 0 runs, 1 hit, 0 errors, 1 left on base; California 2 - Boston 4
Thursday, December 15th , 2022 - OOTP Baseball 23.9 Build 102